 Dungeon Crawl Stone Soup version 0.29-a0-757-g358383bc75 (console) character file.

Game seed: 5080609778818816043

952 om the Cudgeller (level 7, -7/88 (100) HPs)
             Began as a Troll Berserker on June 30, 2022.
             Was a Priest of Trog.
             Mangled by a wight
             ... wielding a +0 morningstar
              (10 damage)
             ... on level 5 of the Dungeon.
             The game lasted 00:10:04 (3883 turns).

om the Cudgeller (Troll Berserker)                  Turns: 3883, Time: 00:10:04

HP:   -7/88 (100)   AC: 23    Str: 28    XL:     7   Next: 90%
MP:   6/6           EV:  1    Int:  3    God:    Trog [***...]
Gold: 261           SH:  0    Dex:  9    Spells: 6/6 levels left

rFire   . . .      SeeInvis .     - Unarmed
rCold   . . .      Faith    .   (no shield)
rNeg    . . .      Spirit   .   (body armour currently unavailable)
rPois   +          Reflect  .   (helmet currently unavailable)
rElec   .          Harm     .   (cloak currently unavailable)
rCorr   .          Rampage  .   (gloves unavailable)
Will    ++...      NoTele   +   (boots unavailable)
Stlth   +.........              m - amulet of the acrobat
HPRegen 2.04/turn               (no ring)
MPRegen 0.10/turn               (no ring)

@: tree-form, strong-willed, on berserk cooldown, regenerating, slowed, heavily
drained, very slow
A: stationary, stasis, torment immunity, boosted hp, large, unfitting armour,
(claws 3), regeneration 1, (shaggy fur 1), (tough skin 1)
a: Renounce Religion, Berserk, Trog's Hand


You were on level 5 of the Dungeon.
You worshipped Trog.
Trog was most pleased with you.
You were a tree.
You visited 1 branch of the dungeon, and saw 5 of its levels.

You collected 261 gold pieces.

Inventory:

Hand Weapons
 d - a +0 whip
 t - a +0 flail
 v - a +0 mace of distortion
Armour
 a - a +0 animal skin (melded)
 x - a +0 cloak (melded)
Jewellery
 b - a ring of fire
 k - an amulet of faith
 m - an amulet of the acrobat (around neck)
Wands
 e - a wand of iceblast (12)
 h - a wand of light (4)
 u - a wand of charming (11)
Scrolls
 i - a scroll of summoning {unknown}
 n - a scroll of acquirement {unknown}
 o - a scroll of torment
 q - a scroll of identify
 s - 2 scrolls of magic mapping
 w - a scroll of teleportation
Potions
 c - a potion of haste
 f - a potion of might {unknown}
 g - a potion of cancellation
 l - 5 potions of curing
 p - a potion of heal wounds {unknown}
 r - a potion of resistance {unknown}


   Skills:
 - Level 3.0 Fighting
 * Level 6.1 Maces & Flails
 - Level 3.0 Dodging
 - Level 1.1 Stealth
 - Level 3.8 Unarmed Combat
 * Level 2.5 Evocations


You had 6 spell levels left.
You didn't know any spells.
Your spell library was empty.

Dungeon Overview and Level Annotations

Branches:
Dungeon (5/15)             Temple (0/1) D:5

Altars:
Fedhas

Shops:
D:2 (


Innate Abilities, Weirdness & Mutations

You are a tree.
Your roots penetrate the ground, keeping you stationary.
You cannot be teleported.
You are immune to unholy pain and torment.
Your maximum health is greatly increased.
Your equipment is partially melded.
You are too large for most types of armour.
((You have claws for hands.))
Your natural rate of healing is unusually fast.
((You are covered in fur. (AC +1)))
((You have tough skin. (AC +1)))


Message History

The wight hits you with a +0 morningstar.
The wight hits you with a +2 battleaxe of freezing!
* * * LOW HITPOINT WARNING * * *
You feel drained.
* * * LOW HITPOINT WARNING * * *
The wight freezes you.
* * * LOW HITPOINT WARNING * * *
Really quaff the potion of lignification?
You turn into a tree.
Your +0 cloak melds into your body.
Your +0 animal skin melds into your body.
Your roots penetrate the ground.
The wight hits you but does no damage. x2
You smack the wight!
The wight is moderately damaged.
The wight hits you but does no damage. x2
You hit the wight.
The wight is severely damaged.
The wight hits you with a +0 morningstar.
* * * LOW HITPOINT WARNING * * *
The wight hits you but does no damage. x2
The wight hits you with a +2 battleaxe of freezing.
* * * LOW HITPOINT WARNING * * *
The wight freezes you.
* * * LOW HITPOINT WARNING * * *
Unknown command.
Your skin crawls.
You feel strong-willed.
The wight hits you with a +0 morningstar.
* * * LOW HITPOINT WARNING * * *
The wight hits you with a +2 battleaxe of freezing.
* * * LOW HITPOINT WARNING * * *
You feel drained.
* * * LOW HITPOINT WARNING * * *
The wight freezes you.
* * * LOW HITPOINT WARNING * * *
You smack the wight!
You destroy the wight!
Trog accepts your kill. The wight hits you but does no damage.
The wight hits you with a +0 morningstar!
You die...

#............#.....# .#.......
##..###########...## ##..####
##..######...##...########..####
#.......#.....#.........<.......
#.......'.....+.................
##########..#########..##)..####
.##(.##..###|...##..#######..
.......†.'.z)....#...#....#..
.........#..♣....#...'....#..
.############...######..###+#
...##..###'###.#
.....(..........
..!.............
#..##..##..##..# ####+###..##..#
+........ #........


You could see a wight.

Vanquished Creatures
  Eustachio (D:5)
  A black bear (D:4)
  An ogre (D:5)
  A necrophage (D:5)
  3 wights (D:5)
  3 hounds
  An orc priest (D:5)
  3 iguanas (D:5)
  Natasha (thrice) (D:3)
  3 orc wizards
  An adder (D:2)
  3 worms
  A dart slug (D:2)
  21 orcs
  10 ball pythons
  2 bats
  6 endoplasms
  2 giant cockroaches
  9 goblins
  4 hobgoblins (D:2)
  2 jackals (D:5)
  4 quokkas
  4 frilled lizards
  6 kobolds
  3 rats
98 creatures vanquished.

Notes
Turn   | Place    | Note
-------+----------+-------------------------------------------
     0 | D:1      | om the Troll Berserker began the quest for the Orb.
     0 | D:1      | Reached XP level 1. HP: 22/22 MP: 0/0
   142 | D:1      | Noticed a golden eye
   144 | D:1      | Found a faded altar of an unknown god.
   146 | D:1      | Noticed a floating eye
   147 | D:1      | Noticed a floating eye
   147 | D:1      | Noticed a shining eye
   281 | D:1      | Reached XP level 2. HP: 29/29 MP: 1/1
   858 | D:2      | Reached XP level 3. HP: 26/36 MP: 2/2
  1170 | D:2      | Found Lahir's Antique Weapon Shop.
  1378 | D:3      | Reached ** piety under Trog
  1474 | D:3      | Reached skill level 1 in Maces & Flails
  1474 | D:3      | Reached XP level 4. HP: 31/44 MP: 3/3
  1849 | D:3      | Found a blossoming altar of Fedhas.
  1876 | D:3      | Noticed Natasha
  1881 | D:3      | Killed Natasha
  2205 | D:3      | Noticed Natasha
  2214 | D:3      | Killed Natasha
  2215 | D:3      | Reached skill level 2 in Maces & Flails
  2215 | D:3      | Reached XP level 5. HP: 17/53 MP: 4/4
  2321 | D:3      | Found a blossoming altar of Fedhas.
  2355 | D:3      | Noticed Natasha
  2368 | D:3      | Killed Natasha
  2479 | D:4      | Noticed a black bear
  2491 | D:4      | Killed a black bear
  2492 | D:4      | Reached skill level 3 in Maces & Flails
  2492 | D:4      | Reached skill level 1 in Stealth
  2492 | D:4      | Reached XP level 6. HP: 61/61 MP: 5/5
  3307 | D:4      | Reached skill level 4 in Maces & Flails
  3320 | D:5      | Entered Level 5 of the Dungeon
  3465 | D:5      | Noticed Eustachio
  3483 | D:5      | Killed Eustachio
  3484 | D:5      | Reached skill level 5 in Maces & Flails
  3541 | D:5      | Reached XP level 7. HP: 63/67 MP: 6/6
  3580 | D:5      | Found a staircase to the Ecumenical Temple.
  3666 | D:5      | Reached skill level 1 in Evocations
  3749 | D:5      | Reached *** piety under Trog
  3872 | D:5      | Reached skill level 6 in Maces & Flails
  3882 | D:5      | HP: 3/88 [wight/+2 battleaxe of freezing (2)]
  3882 | D:5      | HP: 1/88 [wight/+2 battleaxe of freezing (2)]
  3883 | D:5      | Mangled by a wight

Illustrated notes

Levels and vault maps discovered:
D:1:      lightli_arrival_statue_moat, layout_basic,
          hellmonk_ecumenical_altar_watching_god
D:2:      layout_rooms, serial_shops, nicolae_shop_stone
D:3:      layout_basic, fedhas_altar_1, uniq_natasha
D:4:      layout_gridville
D:5:      layout_gridville, temple_statues, serial_bayou_pond_e, uniq_eustachio

Skill      XL: |  1  2  3  4  5  6  7 |
---------------+----------------------+-----
Maces & Flails | 1 2 3 5 6 |  6.1
Dodging        | 3 |  3.0
Fighting       | 3 |  3.0
Stealth        | 1 |  1.1
Evocations     | 2 |  2.5
Unarmed Combat | |  3.8

Action                   |  1- 3 |  4- 6 |  7- 9 || total
-------------------------+-------+-------+-------++-------
Melee: Unarmed           |   107 |   112 |    57 ||   276
       Punch             |     2 |       |     1 ||     3
       Flail             |       |    25 |       ||    25
Invok: Berserk           |     1 |     5 |     3 ||     9
       Trog's Hand       |       |       |     1 ||     1
  Use: Scroll            |       |    12 |       ||    12
       Potion            |       |       |     1 ||     1
Armor: Animal skin       |    27 |    37 |     7 ||    71
       Skin              |       |       |     7 ||     7
Dodge: Dodged            |    44 |    72 |    33 ||   149

Table legend: (Time is in decaauts)
 A = Elapsed time spent in this place.
 B = Non-inter-level travel time spent in this place.
 C = Inter-level travel time spent in this place.
 D = Time resting spent in this place.
 E = Time spent auto-exploring this place.
 F = Levels seen in this place.
 G = Mean time per level.
                   A        B        C        D        E       F      G
               +--------+--------+--------+--------+--------+-----+--------+
         Total |   3944 |   3875 |     69 |    405 |   2680 |   5 |  788.8 |
       Dungeon |   3944 |   3875 |     69 |    405 |   2680 |   5 |  788.8 |
               +--------+--------+--------+--------+--------+-----+--------+

Top non-repeatable levels by time:
     D:3: 1058 daAuts
     D:4: 931 daAuts
     D:1: 825 daAuts
     D:5: 584 daAuts
     D:2: 545 daAuts
